 Dungeon Crawl Stone Soup version 0.19.1 (webtiles) character file.

722 JeffiDaFish the Shield-Bearer (level 7, -8/43 HPs)
             Began as a Gargoyle Fighter on Dec 12, 2016.
             Killed by divine providence
             ... invoked by an orc priest
              (13 damage)
             ... on level 4 of the Dungeon.
             The game lasted 00:08:50 (3299 turns).

JeffiDaFish the Shield-Bearer (Gargoyle Fighter)    Turns: 3299, Time: 00:08:50

Health: -8/43      AC: 21    Str: 25    XL:     7   Next: 71%
Magic:  7/7        EV:  7    Int:  8    God:
Gold:   229        SH: 12    Dex:  9    Spells: 0 memorised, 6 levels left

rFire  . . .     SeeInvis .     a - +1 flail
rCold  . . .     Gourm    .     m - +3 chain mail {rPois}
rNeg   + . .     Faith    .     c - +0 shield
rPois  ∞         Spirit   .     p - +0 helmet
rElec  +         Reflect  +     (no cloak)
rCorr  .         Harm     .     j - +2 pair of gloves
MR     .....                    (no boots)
Stlth  ..........               n - +2 amulet of reflection
                                (no ring)
                                (no ring)

@: mighty
A: big wings, clumsy 1, negative energy resistance 1, electricity resistance,
unbreathing, petrification resistance, rot immunity, MP-powered wands, AC +4
a: Fly


You were on level 4 of the Dungeon.
You were hungry.

You visited 1 branch of the dungeon, and saw 4 of its levels.
You also visited: Sewer.

You collected 229 gold pieces.

Inventory:

Hand Weapons
 a - a +1 flail (weapon)
Armour
 c - a +0 shield (worn)
 j - a +2 pair of gloves (worn)
 m - a +3 chain mail of poison resistance (worn)
 p - a +0 helmet (worn)
Jewellery
 n - a +2 amulet of reflection (around neck)
Wands
 d - a wand of paralysis (15/24)
Scrolls
 e - 4 scrolls of recharging
 i - 3 scrolls of teleportation
Potions
 k - a potion of agility
Comestibles
 b - 18 chunks of flesh
 f - 7 bread rations
 g - a slice of pizza
 h - 9 fruits
 o - a royal jelly
 q - a meat ration


   Skills:
 + Level 4.1 Fighting
 + Level 5.1 Maces & Flails
 + Level 4.5 Armour
 + Level 1.9 Dodging
 + Level 1.2 Stealth
 + Level 6.1 Shields


You had 6 spell levels left.
You didn't know any spells.

Dungeon Overview and Level Annotations

Branches:
Dungeon (4/15)
 Temple: D:4-7

Altars:
Dithmenos
Kikubaaqudgha
Qazlal
The Shining One

Annotations:
D:4 Duvessa


Innate Abilities, Weirdness & Mutations

You are resistant to torment.
Your stone body is resilient. (AC +4)
You are immune to poison.
You resist negative energy. (rN+)
You are resistant to electric shocks. (rElec)
You can survive without breathing.
You are immune to petrification.
You are immune to rotting.
Your large and strong wings let you fly indefinitely.
You are clumsy. (Dex -2)
You expend magic power (3 MP) to strengthen your wands.


Message History

The hound barely misses you.
You barely miss the orc priest.
The orc priest is severely wounded.
The hound bites you but does no damage.
The orc priest mumbles some strange prayers to Beogh against you.
Pain shoots through your body!
* * * LOW HITPOINT WARNING * * *
Duvessa says, "I will journey to Hell to retrieve him!"
You block Duvessa's attack.
You sock the orc priest!
You kill the orc priest!
Duvessa looks more energetic.
You block the hound's attack.
The orc wizard casts a spell.
The orc wizard blinks!
The hound closely misses you. Duvessa barely misses you.
The orc wizard hits you but does no damage.
Unknown command.
The hound closely misses you.
The orc priest invokes the aid of Beogh against you.
Beogh smites you!
You die...

....# ##..........##
##...# ###..
###...#..########..###
#.####..###.....## #.#
##.##..##### #.#
#.##.## ... ##.#..# ..
##..o.## ....#..#he.#
.<....o@##.#
###........)......
....##.###....###. #..
#. ####... #. ## ..##
..# ..# #..


You could see Duvessa, a hound, an orc priest and an orc wizard.

Vanquished Creatures
  The ghost of ObaWulf the Slicer, an amateur KoAK of Lugonu (D:3)
  An ogre (D:4)
  2 big kobolds (Sewer)
  Dowan (D:4)
  An orc priest (D:4)
  A hound (D:4)
  An iguana (D:4)
  Robin (D:4)
  6 adders
  A river rat (Sewer)
  5 oozes
  2 worms
  7 leopard geckos
  9 bats
  3 giant cockroaches
  18 goblins
  10 hobgoblins
  8 jackals
  A quokka (D:2)
  3 ball pythons (Sewer)
  5 frilled lizards
  11 kobolds
  12 rats
110 creatures vanquished.

Vanquished Creatures (others)
  An orc (D:3)
1 creature vanquished.

Grand Total: 111 creatures vanquished

Notes
Turn   | Place    | Note
-------+----------+-------------------------------------------
     0 | D:1      | JeffiDaFish the Gargoyle Fighter began the quest for the Orb.
     0 | D:1      | Reached XP level 1. HP: 14/14 MP: 1/1
   123 | D:1      | Reached XP level 2. HP: 9/19 MP: 2/2
   502 | D:1      | Gained mutation: You are clumsy. (Dex -2) [potion of mutation]
   502 | D:1      | Gained mutation: Your large and strong wings let you fly indefinitely. [potion of mutation]
   502 | D:1      | Gained mutation: You expend magic power (3 MP) to strengthen your wands. [potion of mutation]
   857 | D:1      | Reached XP level 3. HP: 23/23 MP: 3/3
  1089 | D:2      | Reached skill level 4 in Shields
  1314 | D:2      | Reached XP level 4. HP: 14/28 MP: 4/4
  1829 | D:2      | Found an ancient bone altar of Kikubaaqudgha.
  2017 | D:3      | Found a shadowy altar of Dithmenos.
  2117 | D:3      | Found a glowing drain.
  2137 | D:3      | Noticed ObaWulf's ghost (amateur KoAK)
  2169 | D:3      | Killed ObaWulf's ghost
  2169 | D:3      | Reached skill level 1 in Dodging
  2169 | D:3      | Reached skill level 5 in Shields
  2169 | D:3      | Reached XP level 5. HP: 20/33 MP: 5/5
  2169 | D:3      | Reached XP level 6. HP: 24/38 MP: 6/6
  2201 | Sewer    | Entered a sewer
  2332 | Sewer    | Reached skill level 1 in Stealth
  2591 | Sewer    | Reached XP level 7. HP: 38/42 MP: 7/7
  2710 | D:3      | Found a glowing golden altar of the Shining One.
  2725 | D:3      | Found a stormy altar of Qazlal.
  3150 | D:4      | Noticed Robin
  3172 | D:4      | Killed Robin
  3261 | D:4      | Noticed Dowan
  3264 | D:4      | Noticed Duvessa
  3270 | D:4      | Killed Dowan
  3270 | D:4      | Reached skill level 5 in Maces & Flails
  3270 | D:4      | Reached skill level 6 in Shields
  3299 | D:4      | Killed from afar by an orc priest

Skill      XL: |  1  2  3  4  5  6  7 |
---------------+----------------------+-----
Shields        | 4 5 6 |  6.1
Maces & Flails | 3 4 5 |  5.1
Armour         | 4 |  4.5
Dodging        | 1 |  1.9
Stealth        | 1 |  1.2
Fighting       | 4 |  4.1

Action                   |  1- 3 |  4- 6 |  7- 9 || total
-------------------------+-------+-------+-------++-------
Melee: Flail             |   175 |   230 |   127 ||   532
  Use: Scroll            |     4 |     4 |     3 ||    11
       Potion            |     4 |     5 |     3 ||    12
 Stab: Invisible         |     1 |       |       ||     1
  Eat: Chunk             |     2 |     5 |     2 ||     9
Armor: Scale mail        |   120 |   104 |     2 ||   226
       Chain mail        |       |       |    68 ||    68
Dodge: Dodged            |    67 |    78 |    37 ||   182
Block: Shield            |   134 |   101 |   107 ||   342
